AoeStats
← Hoya Lacunosa Amarillo

Black Forest

508275618Analyzed
4v4 RM · 9d ago on Sep 21, 2026· 45m 55s· 8 players
Game mode
Random Map
Map size
Large (8 player)
Population
200
Speed
Normal
Resources
Standard
Victory
Conquest
Starting age
Dark Age
Ending age
Imperial Age
RankedLock teamsTeams togetherTeam positionsShared explorationLock speedFull tech treeHidden civsTurbo modeCheats
Victory
Defeat
🇺🇸 Ethiopians · United States
1481
+14
🇨🇴 Byzantines · Colombia
1469
+15
🇩🇪 Gurjaras · Germany
1364
+19
🇩🇪 Bohemians · Germany
1364
+19
🇩🇪 Burmese · Germany
1480
-18
🇩🇪 Malians · Germany
1452
-17
🇩🇪 Sicilians · Germany
1436
-17
🇸🇪 Inca · Sweden
1381
-15
Erg_Raider
11:02 Feudal Age
12:09 Double-Bit Axe
14:57 Castle Age
12:45 Horse Collar
16:01 Heavy Plow
16:11 Bow Saw
17:03 Loom
21:17 Wheelbarrow
22:44 Hand Cart
23:37 Gold Mining
23:39 Stone Mining
25:20 Gold Shaft Mining
24:48 Scale Mail Armor
24:58 Forging
25:43 Pikeman
26:24 Squires
29:25 Imperial Age
27:46 Husbandry
27:56 Bloodlines
27:08 Man-at-Arms
27:34 Gambesons
27:34 Arson
28:50 Chain Mail Armor
29:10 Iron Casting
28:21 Long Swordsman
29:36 Padded Archer Armor
29:26 Fletching
29:29 Onager
29:37 Two-Handed Swordsman
31:06 Crop Rotation
30:43 Champion
30:43 Halberdier
31:53 Caravan
31:32 Capped Ram
31:38 Champion
32:15 Town Watch
33:46 Plate Mail Armor
34:17 Blast Furnace
34:15 Siege Onager
35:02 Siege Engineers
35:02 Cavalier
36:09 Conscription
37:24 Masonry
38:15 Chemistry
38:01 Scale Barding Armor
38:07 Hauberk
40:15 Chain Barding Armor
40:23 First Crusade
42:14 Light Cavalry
46:04 Plate Barding Armor
antrophognos
2:10 Loom
15:25 Feudal Age
19:11 Castle Age
17:12 Horse Collar
22:48 Gold Mining
31:39 Imperial Age
30:34 Scale Barding Armor
31:12 Bloodlines
31:02 Husbandry
32:53 Wheelbarrow
32:46 Forging
34:42 Chain Barding Armor
35:56 Iron Casting
37:51 Plate Barding Armor
41:58 Elite Battle Elephant
45:21 Gold Shaft Mining
45:08 Hand Cart
teddy
8:17 Loom
11:06 Feudal Age
13:26 Double-Bit Axe
15:47 Castle Age
14:21 Fishing Lines
15:31 Stone Mining
17:46 Gold Mining
19:03 Fletching
22:34 Padded Archer Armor
24:15 Gillnets
25:05 Leather Archer Armor
26:01 Bow Saw
26:12 Horse Collar
29:46 Imperial Age
28:24 Gold Shaft Mining
29:26 Ballistics
29:53 Bodkin Arrow
32:00 Chemistry
30:37 Pikeman
31:18 Squires
32:27 Ring Archer Armor
32:09 Masonry
32:42 Hoardings
33:58 Conscription
33:05 Elite Gbeto
37:31 Bloodlines
36:42 Heavy Camel Rider
40:55 Caravan
42:45 Wheelbarrow
EMheLP
1:09 Loom
10:05 Feudal Age
11:57 Arson
12:08 Double-Bit Axe
12:04 Horse Collar
12:06 Champi Runner
17:21 Gold Mining
17:34 Fletching
20:27 Castle Age
19:57 Stone Mining
20:19 Town Watch
21:28 Heavy Plow
21:41 Bow Saw
31:11 Imperial Age
29:34 Fletching
31:02 Gold Shaft Mining
30:25 Bodkin Arrow
30:56 Ballistics
33:07 Chemistry
34:02 Conscription
34:30 Squires
34:34 Scale Mail Armor
35:21 Andean Sling
36:19 Wheelbarrow
35:48 Champi Warrior
36:39 Arson
38:44 Bracer
38:45 Padded Archer Armor
38:58 Masonry
39:44 Andean Sling
39:17 Elite Skirmisher
40:48 Chain Mail Armor
40:50 Leather Archer Armor
42:02 Ring Archer Armor
Chigüiro
1:09 Loom
13:42 Feudal Age
18:04 Castle Age
16:12 Double-Bit Axe
17:41 Horse Collar
19:58 Bow Saw
21:03 Fletching
22:15 Bodkin Arrow
24:01 Fishing Lines
25:57 Heavy Plow
26:33 Scale Barding Armor
27:04 Gillnets
32:37 Imperial Age
32:03 Chain Barding Armor
33:39 Ballistics
36:12 Pikeman
36:49 Halberdier
37:42 Scale Mail Armor
38:29 Forging
39:08 Chain Mail Armor
41:58 Plate Mail Armor
42:42 Wheelbarrow
43:33 Iron Casting
44:59 Squires
44:44 Gambesons
46:34 Chemistry
46:31 Bracer
ConquerKing360
5:00 Loom
12:48 Feudal Age
14:45 Town Watch
15:33 Double-Bit Axe
18:42 Castle Age
17:35 Fishing Lines
22:57 Bow Saw
25:26 Horse Collar
26:35 Fletching
27:22 Heavy Plow
30:44 Imperial Age
29:01 Bodkin Arrow
29:49 Gold Mining
30:04 Heavy Plow
32:38 Chemistry
32:58 Masonry
34:21 Wheelbarrow
34:51 Two-Man Saw
34:17 Fortified Wall
36:20 Bracer
37:34 Torsion Engines
37:42 Siege Engineers
39:11 Conscription
39:36 Architecture
40:02 Ballistics
40:48 Scale Mail Armor
42:04 Gold Shaft Mining
41:37 Stone Mining
41:46 Halberdier
42:29 Squires
Rusted From The Rain
12:01 Feudal Age
16:19 Castle Age
15:53 Double-Bit Axe
16:49 Loom
20:09 Bow Saw
19:40 Horse Collar
20:37 Wheelbarrow
21:15 Town Watch
23:41 Fletching
24:11 Heavy Plow
24:17 Guard Tower
27:02 Fortified Wall
31:19 Imperial Age
30:22 Masonry
30:10 Bodkin Arrow
30:17 Padded Archer Armor
30:50 Hand Cart
32:28 Bloodlines
32:18 Husbandry
33:12 Crop Rotation
32:32 Gold Mining
32:34 Stone Mining
32:55 Bracer
33:11 Leather Archer Armor
34:08 Leather Archer Armor
35:31 Thumb Ring
36:47 Chemistry
36:21 Ballistics
36:24 Elite Elephant Archer
39:01 Architecture
38:12 Treadmill Crane
40:17 Frontier Guards
40:21 Conscription
41:50 Caravan
42:21 Coinage
42:30 Sanctity
42:14 Devotion
42:59 Scale Barding Armor
43:59 Chain Barding Armor
44:01 Heavy Camel Rider
44:02 Elite Shrivamsha Rider
45:22 Plate Barding Armor
44:57 Forging
Hoya Lacunosa Amarillo
11:17 Feudal Age
9:35 Loom
11:20 Feudal Age
15:12 Castle Age
13:01 Double-Bit Axe
13:35 Horse Collar
16:56 Wheelbarrow
16:43 Bow Saw
18:09 Fishing Lines
21:49 Gillnets
22:40 Horse Collar
23:48 Town Watch
24:21 Hand Cart
27:02 Fervor
29:30 Imperial Age
27:59 Scale Mail Armor
28:11 Forging
29:08 Chemistry
28:08 Pikeman
28:48 Squires
28:34 Arson
29:44 Chain Mail Armor
29:55 Heavy Plow
30:34 Iron Casting
29:55 Halberdier
31:08 Plate Mail Armor
32:05 Siege Engineers
31:46 Treadmill Crane
32:17 Masonry
32:07 Houfnice
33:35 Town Patrol
34:36 Guilds
34:27 Caravan
34:57 Coinage
37:30 Two-Man Saw
40:38 Devotion
42:51 Blast Furnace
41:42 Fletching
42:15 Ballistics
42:26 Architecture
41:51 Murder Holes
41:34 Man-at-Arms
44:02 Banking
43:28 Long Swordsman
44:35 Two-Handed Swordsman
45:44 Champion
Connection lost

Rejoining the realm…

Still unreachable

The connection could not be restored.

Session expired

The server has moved on; the page needs a fresh start.